 Dungeon Crawl Stone Soup version 0.21-a0-265-gb353147 (console) character file.

3862 removed the Ducker (level 9, -2/75 HPs)
             Began as a Demigod Venom Mage on Sept 10, 2017.
             Killed from afar by Joseph (18 damage)
             ... with a wand of lightning (?/15)
             ... on level 7 of the Dungeon.
             The game lasted 00:27:32 (11351 turns).

removed the Ducker (Demigod Venom Mage)            Turns: 11351, Time: 00:27:33

Health: -2/75      AC:  7    Str: 11    XL:     9   Next: 67%
Magic:  10/21      EV: 16    Int: 25    God:
Gold:   468        SH:  0    Dex: 19    Spells: 13/20 levels left

rFire    . . .     SeeInvis .   a - +2 short sword (elec)
rCold    + . .     Gourm    .   (no shield)
rNeg     . . .     Faith    .   B - +3 leather armour {rC+}
rPois    .         Spirit   .   (no helmet)
rElec    .         Reflect  .   (no cloak)
rCorr    .         Harm     .   (no gloves)
MR       .....                  W - +0 pair of boots
Stlth    ++........             (no amulet)
HPRegen  0.22/turn              p - +3 ring of dexterity
MPRegen  0.17/turn              S - ring of flight

@: no status effects
A: high mp 1
a: Evoke Flight


You were on level 7 of the Dungeon.
You were not hungry.

You visited 1 branch of the dungeon, and saw 8 of its levels.

You collected 468 gold pieces.

Inventory:

Hand Weapons
 a - a +2 short sword of electrocution (weapon)
 b - a +5 rapier
 d - a +0 dagger
 G - the cursed +3 hunting sling "Bebum" {flame, Str+4, unknown}
   (You found it on level 4 of the Dungeon)

   It causes projectiles fired from it to burn those they strike, causing extra
   injury to most foes and up to half again as much damage against particularly
   susceptible opponents.
   It affects your strength (+4).
   It has a curse placed upon it.
 Q - a +0 spear
 T - a +0 blowgun
 U - a +2 dagger of draining
Missiles
 L - 3 javelins of penetration (quivered)
 Z - 6 curare-tipped needles
Armour
 l - a +0 robe
 B - a +3 leather armour of cold resistance (worn)
 W - a +0 pair of boots (worn)
Jewellery
 p - a +3 ring of dexterity (left hand)
 S - a ring of flight (right hand)
 V - an uncursed ring of wizardry {unknown}
 Y - a +3 ring of intelligence {unknown}
Scrolls
 g - 2 scrolls of enchant armour
 y - a scroll of amnesia
 N - a scroll of fog
 O - a scroll of enchant weapon
Potions
 j - 4 potions of heal wounds
 k - 6 potions of curing
 n - a potion of degeneration
 o - a potion of lignification
 r - 2 potions of resistance
 s - a potion of agility {unknown}
 t - 2 potions of flight
 F - a potion of might {unknown}
 M - a potion of mutation {unknown}
Books
 v - a Young Poisoner's Handbook

   Spells                             Type                      Level
   a - Sting                          Conjuration/Poison           1
   b - Poisonous Vapours              Poison/Air                   2
   c - Mephitic Cloud                 Conjuration/Poison/Air       3
   d - Olgreb's Toxic Radiance        Poison                       4
   e - Venom Bolt                     Conjuration/Poison           5
 X - a book of Necromancy

   Spells                             Type                      Level
   a - Pain                           Necromancy                   1
   b - Animate Skeleton               Necromancy                   1
   c - Vampiric Draining              Necromancy                   3
   d - Regeneration                   Charms/Necromancy            3
   e - Animate Dead                   Necromancy                   4
   f - Control Undead                 Necromancy                   4
Comestibles
 c - 3 bread rations
 D - 4 meat rations
 I - 3 royal jellies
 R - 4 chunks of flesh


   Skills:
 - Level 6.0 Fighting
 + Level 6.3 Dodging
 - Level 1.7 Stealth
 - Level 6.0 Spellcasting
 - Level 6.0 Conjurations
 - Level 2.2 Charms
 - Level 2.0 Necromancy
 - Level 4.0 Poison Magic


You had 13 spell levels left.
You knew the following spells:

 Your Spells              Type           Power        Failure   Level  Hunger
a - Sting                 Conj/Pois      ####         1%          1    None
e - Regeneration          Chrm/Necr      ###.......   12%         3    None
m - Mephitic Cloud        Conj/Pois/Air  ###.....     8%          3    None


Dungeon Overview and Level Annotations

Branches:
Dungeon (8/15)             Temple (0/1) D:4
   Lair: D:8-11

Shops:
D:4 :

Annotations:
D:7 Joseph


Innate Abilities, Weirdness & Mutations

You have an increased reservoir of magic. (+10% MP)


Message History

Your skin stops crawling.
Casting: Sting
Confirm with . or Enter, or press ? or * to list all spells.
Okay, then.
Joseph unwields an uncursed quarterstaff.
Joseph wields a hunting sling.
Joseph shoots a sling bullet.
The sling bullet hits you!
Casting: Sting
Confirm with . or Enter, or press ? or * to list all spells.
Aiming: Mephitic Cloud
Press: ? - help, Shift-Dir - straight line, f/p - Joseph
Aim: Joseph, wielding a hunting sling, wearing a glowing ring mail and carrying a wand of lightning (?/15) {zapped: 2} (severely wounded, poisoned)
The ball explodes into a vile cloud!
The stinking cloud engulfs Joseph.
Joseph is severely wounded.
You hear a shout!
Joseph is engulfed in noxious fumes.
Joseph zaps a wand.
The bolt of lightning hits you!
* * * LOW HITPOINT WARNING * * *
The bolt of lightning hits you!
You die...

#.##...## #.#...##
#.#.#.# #.#.#.# ##.....#
########## #......#
..†......####.#..#.#
.@.#####.#.........##
#....@....#..#..##
#.##§#.##.#..<...## ..
#@#.##.........###
#.....§§#.##÷##.##)....#
#########.......###...##
####.#### ##.## #######
#####.### #.# #.....#
#.......#####.#
#.....###.#.#.#)......#


You could see Joseph.

Vanquished Creatures
  A hippogriff (D:6)
  4 orc warriors
  2 ice beasts (D:5)
  A phantom (D:5)
  A sky beast (D:6)
  8 ogres
  A necrophage (D:7)
  4 centaurs
  A big kobold (D:6)
  3 bullfrogs
  2 gnoll sergeants
  A scorpion (D:4)
  4 killer bees (D:7)
  A bullfrog zombie (D:5)
  2 howler monkeys
  A centaur zombie (D:6)
  7 hounds
  6 orc wizards
  A centaur skeleton (D:5)
  6 orc priests
  A bullfrog skeleton (D:8)
  2 gnoll shamans (D:6)
  6 worker ants
  A killer bee zombie (D:7)
  A worker ant zombie (D:3)
  8 adders
  11 gnolls
  An adder skeleton (D:4)
  An adder zombie (D:7)
  4 worms
  3 dart slugs
  A leopard gecko (D:4)
  32 orcs
  8 bats
  2 giant cockroaches
  10 goblins
  18 hobgoblins
  10 jackals
  11 kobolds
  3 quokkas
  8 frilled lizards
  A jackal skeleton (D:4)
  A leopard gecko zombie (D:7)
  A quokka zombie (D:6)
  9 rats
211 creatures vanquished.

Vanquished Creatures (others)
  3 plants (D:6)
3 creatures vanquished.

Grand Total: 214 creatures vanquished

Notes
Turn   | Place    | Note
-------+----------+-------------------------------------------
     0 | D:1      | removed the Demigod Venom Mage began the quest for the Orb.
     0 | D:1      | Reached XP level 1. HP: 14/14 MP: 5/5
     9 | D:1      | Reached skill level 1 in Conjurations
   394 | D:1      | Reached XP level 2. HP: 20/20 MP: 7/7
  1623 | D:2      | Reached XP level 3. HP: 26/26 MP: 5/8
  2055 | D:2      | Found a snail-covered altar of Cheibriados.
  3059 | D:3      | Reached XP level 4. HP: 33/33 MP: 4/9
  3247 | D:3      | Learned a level 3 spell: Mephitic Cloud
  3816 | D:3      | Reached XP level 5. HP: 33/38 MP: 1/10
  4108 | D:3      | Found a white marble altar of Elyvilon.
  4754 | D:4      | Found Mogiss's Book Emporium.
  4877 | D:4      | Noticed a moth of wrath
  4880 | D:4      | Found a bloodstained altar of Trog.
  4906 | D:4      | Reached XP level 6. HP: 45/45 MP: 5/11
  4981 | D:4      | Got a transparent hunting sling
  5040 | D:4      | Reached skill level 5 in Conjurations
  5248 | D:4      | Found an ancient bone altar of Kikubaaqudgha.
  5710 | D:4      | Reached XP level 7. HP: 50/50 MP: 4/14
  5797 | D:4      | Found a staircase to the Ecumenical Temple.
  5831 | D:5      | Entered Level 5 of the Dungeon
  5891 | D:5      | Reached skill level 1 in Fighting
  6288 | D:5      | You fall through a shaft for 3 floors!
  6982 | D:5      | Found a shimmering altar of Xom.
  7200 | D:5      | Reached XP level 8. HP: 33/66 MP: 16/16
  8578 | D:5      | Reached skill level 5 in Spellcasting
  8738 | D:6      | Reached skill level 5 in Dodging
  9198 | D:6      | Reached XP level 9. HP: 71/71 MP: 18/20
  9376 | D:6      | Reached skill level 5 in Fighting
 10795 | D:7      | Learned a level 3 spell: Regeneration
 10876 | D:7      | Noticed Joseph
 10956 | D:7      | Reached skill level 1 in Charms
 10956 | D:7      | Reached skill level 1 in Necromancy
 11351 | D:7      | Killed from afar by Joseph

Vault maps used:
D:1:      lemuel_arrival_broad_hall, roderic_roman_lattice,
          minmay_small_reverse_x
D:2:      kennysheep_slug_shrine, feat_on_display
D:3:      lemuel_doored_altar, nicolae_overflow_hidden_temple
D:4:      lemuel_crystal_altar, minmay_temple_entry_junction, serial_shops,
          shop, tgw_trog
D:5:      xom_teletrap_fun, first_bread
D:6:      kennysheep_housing_project
D:7:      minmay_the_grid_octo_triangle, lemuel_zombie_altar_yredelemnul,
          uniq_joseph
D:8:      serial_corexii_hall, corexii_hall_statues_x, corexii_hall_statues_l,
          the_bakery

Skill      XL: |  1  2  3  4  5  6  7  8  9 |
---------------+----------------------------+-----
Conjurations   | 2 3 4 6 |  6.0
Poison Magic   | 3 4 |  4.0
Spellcasting   | 3 5 6 |  6.0
Fighting       | 3 4 6 |  6.0
Dodging        | 3 5 6 |  6.3
Charms         | 2 |  2.2
Necromancy     | 2 |  2.0
Stealth        | |  1.7

Action                   |  1- 3 |  4- 6 |  7- 9 || total
-------------------------+-------+-------+-------++-------
Melee: Dagger            |    22 |    54 |    58 ||   134
       Rapier            |       |     5 |    77 ||    82
       Short sword       |       |       |    41 ||    41
Throw: Javelin           |       |       |     5 ||     5
 Cast: Sting             |   110 |   133 |   322 ||   565
       Mephitic Cloud    |       |     2 |    27 ||    29
       Regeneration      |       |       |     1 ||     1
  Use: Scroll            |       |       |    14 ||    14
       Potion            |       |       |     1 ||     1
 Stab: Confused          |       |       |     5 ||     5
       Distracted        |       |       |     1 ||     1
       Sleeping          |       |       |     1 ||     1
  Eat: Chunk             |     8 |    10 |    14 ||    32
       Bread ration      |       |       |     1 ||     1
Armor: Robe              |     4 |     4 |       ||     8
       Leather armour    |       |     8 |    46 ||    54
Dodge: Dodged            |    20 |    36 |   168 ||   224

Table legend:
 A = Spawn XP
 B = Non-spawn XP
 C = Spawn XP percentage of total XP
 D = Spawn monster count
 E = Non-spawn monster count
 F = Spawn count percentage of total count
 G = Total turns spent on level
                    A         B        C        D         E        F      G
               +---------+---------+-------+---------+---------+-------+---------
         Total |       0 |    5518 |   0.0 |       0 |     211 |   0.0 | 11351
               +---------+---------+-------+---------+---------+-------+---------
           D:1 |       0 |      44 |   0.0 |       0 |      26 |   0.0 |  1284
           D:2 |       0 |      51 |   0.0 |       0 |      17 |   0.0 |  1596
           D:3 |       0 |     219 |   0.0 |       0 |      35 |   0.0 |  1652
           D:4 |       0 |     659 |   0.0 |       0 |      25 |   0.0 |  1543
           D:5 |       0 |     830 |   0.0 |       0 |      20 |   0.0 |  1473
           D:6 |       0 |    2308 |   0.0 |       0 |      60 |   0.0 |  2952
           D:7 |       0 |    1257 |   0.0 |       0 |      26 |   0.0 |   704
           D:8 |       0 |     150 |   0.0 |       0 |       2 |   0.0 |   147
               +---------+---------+-------+---------+---------+-------+---------
